AoeStats
← ZEAN430

African Clearing

510874283Analyzed
3v3 RM · 6h ago on Oct 2, 2026· 38m 12s· 6 players
Game mode
Random Map
Map size
Normal (6 player)
Population
200
Speed
Normal
Resources
Standard
Victory
Conquest
Starting age
Dark Age
Ending age
Imperial Age
RankedLock teamsTeams togetherTeam positionsShared explorationLock speedFull tech treeHidden civsTurbo modeCheats
Victory
Defeat
🇺🇸 Vietnamese · United States
1473
+11
🇭🇰 Cumans · Hong Kong SAR China
1448
+12
🇺🇸 Lithuanians · United States
1419
+14
🇵🇪 Spanish · Peru
1513
-17
🇲🇽 Saracens · Mexico
1419
-14
🇦🇷 Huns · Argentina
1159
-6
YOGRANNYCANTSCRAP
8:40 Loom
15:10 Feudal Age
16:03 Double-Bit Axe
23:42 Castle Age
22:48 Fishing Lines
25:08 Wheelbarrow
24:54 Bow Saw
24:37 Gillnets
26:37 Hand Cart
26:08 Town Watch
26:59 Gold Mining
27:42 Fletching
28:02 Stone Mining
28:49 Bodkin Arrow
30:17 Padded Archer Armor
34:35 Imperial Age
33:19 Ballistics
33:59 Leather Archer Armor
34:56 Stone Shaft Mining
34:55 Elite Rattan Archer
35:43 Thumb Ring
35:46 Bracer
36:17 Ring Archer Armor
36:53 Chemistry
AttilathePun463
8:35 Loom
11:41 Feudal Age
12:23 Double-Bit Axe
14:34 Forging
22:39 Castle Age
22:09 Fletching
22:41 Elite Skirmisher
23:17 Bodkin Arrow
23:42 Squires
24:55 Elite Skirmisher
29:45 Bow Saw
37:09 Wheelbarrow
文風
11:50 Feudal Age
12:23 Double-Bit Axe
13:30 Horse Collar
20:48 Wheelbarrow
23:59 Castle Age
22:56 Scale Barding Armor
22:46 Gold Mining
25:25 Chain Barding Armor
25:18 Bloodlines
31:43 Heavy Plow
32:04 Bow Saw
33:13 Loom
33:00 Light Cavalry
35:01 Forging
38:39 Imperial Age
37:42 Steppe Husbandry
woodyshaack
11:32 Loom
13:47 Feudal Age
17:23 Castle Age
17:30 Double-Bit Axe
17:34 Horse Collar
22:01 Bow Saw
23:43 Heavy Plow
24:31 Gold Mining
25:23 Wheelbarrow
26:25 Gold Shaft Mining
27:16 Coinage
32:54 Hand Cart
33:52 Town Watch
35:44 Fortified Wall
36:27 Bimaristan
37:33 Ballistics
37:19 Town Patrol
37:23 Padded Archer Armor
37:53 Fletching
38:38 Leather Archer Armor
ZEAN430
10:00 Loom
11:59 Feudal Age
13:55 Double-Bit Axe
16:23 Castle Age
18:23 Horse Collar
19:58 Padded Archer Armor
23:58 Leather Archer Armor
25:33 Wheelbarrow
28:23 Hand Cart
29:03 Bloodlines
28:53 Husbandry
30:00 Town Watch
GUASON_
11:25 Loom
13:11 Feudal Age
17:28 Castle Age
18:42 Stone Mining
20:17 Gold Mining
27:48 Town Watch
28:25 Scale Barding Armor
28:36 Double-Bit Axe
28:33 Horse Collar
31:51 Wheelbarrow
34:25 Chain Barding Armor
35:26 Forging
37:51 Iron Casting
38:04 Bloodlines
37:56 Husbandry
38:22 Town Patrol
Connection lost

Rejoining the realm…

Still unreachable

The connection could not be restored.

Session expired

The server has moved on; the page needs a fresh start.